 Dungeon Crawl Stone Soup version 0.27-a0-887-gcab673c142 (webtiles) character file.

Game seed: 15345751274719423797

99 Alarkh the Insei (level 4, 0/35 HPs)
             Began as a Demonspawn Gladiator on Apr 4, 2021.
             Slain by a gnoll
             ... wielding a +0 spear
              (6 damage)
             ... on level 4 of the Dungeon.
             The game lasted 00:02:05 (2667 turns).

Alarkh the Insei (Demonspawn Gladiator)             Turns: 2667, Time: 00:02:05

Health: 0/35       AC:  4    Str: 14    XL:     4   Next: 45%
Magic:  4/4        EV: 12    Int: 11    God:
Gold:   205        SH:  0    Dex: 14    Spells: 3/3 levels left

rFire    . . .     SeeInvis .     - Unarmed
rCold    . . .     Faith    .   (no shield)
rNeg     . . .     Spirit   .   a - +0 leather armour
rPois    .         Reflect  .   b - +0 helmet
rElec    .         Harm     .   (no cloak)
rCorr    .         Rampage  .   (no gloves)
Will     .....                  (no boots)
Stlth    +.........             (no amulet)
HPRegen  0.11/turn              (no ring)
MPRegen  0.09/turn              (no ring)

@: no status effects
A: claws 2
a: no special abilities


You were on level 4 of the Dungeon.
You visited 1 branch of the dungeon, and saw 4 of its levels.

You collected 205 gold pieces.

Inventory:

Missiles
 c - 3 throwing nets (quivered)
Armour
 a - a +0 leather armour (worn)
 b - a +0 helmet (worn)
Scrolls
 d - a scroll of magic mapping {unknown}
 f - a scroll of fog {unknown}
 g - 2 scrolls of identify {unknown}
 i - a scroll of teleportation {unknown}
 j - a scroll of brand weapon {unknown}
Potions
 e - a potion of berserk rage {unknown}
 h - 2 potions of ambrosia {unknown}
 k - a potion of haste {unknown}
 l - a potion of degeneration {unknown}
 m - a potion of mutation {unknown}
 n - a potion of lignification {unknown}
 o - a potion of curing {unknown}


   Skills:
 + Level 3.1 Fighting
 - Level 1.7 Throwing
 - Level 2.6 Dodging
 * Level 4.2 Unarmed Combat


You had 3 spell levels left.
You didn't know any spells.
Your spell library was empty.

Dungeon Overview and Level Annotations

Branches:
Dungeon (4/15)
 Temple: D:4-7

Altars:

Shops:
D:1 *


Innate Abilities, Weirdness & Mutations

You have very sharp fingernails.


Message History

No target in view!
No target in view!
No target in view!
No target in view!
No target in view!
No target in view!
Found a stone staircase leading down.
A phantom comes into view.
A phantom is nearby!
A phantom is nearby!
Found 17 gold pieces.
A gnoll and a skeleton come into view.
The phantom hits you.
The phantom blinks!
You blink.
A gnoll and a gnoll shaman come into view.
The gnoll is wielding a +1 flail of protection.
You scratch the phantom.
The phantom is lightly damaged.
The gnoll shouts!
The gnoll shaman shouts!
You hear a shout! x2
The phantom hits you.
The gnoll shouts!
You scratch the phantom.
The phantom is moderately damaged.
The phantom hits you.
The phantom blinks!
You blink.
You scratch the phantom.
The phantom is moderately damaged.
The gnoll shaman calls upon its god to speed up the gnoll.
The gnoll seems to speed up.
The phantom closely misses you.
You scratch the phantom.
The phantom is moderately damaged.
The gnoll hits you from afar with a +0 spear.
You are too injured to fight recklessly!
You are too injured to fight recklessly!
You are too injured to fight recklessly!
You are too injured to fight recklessly!
The phantom hits you.
The gnoll hits you from afar with a +0 spear.
The gnoll hits you from afar with a +0 spear.
* * * LOW HITPOINT WARNING * * *
The gnoll hits you from afar with a +0 spear.
You die...

...... ... #............#
......
#...g..........>..##
......##..
..#####........# .......#
##.......# ..$.g###
#........ #..>..####
#........
#.g.g...######.......
##...g......###.......
#..WZ@................
#......#...?.............
...##.#########.##........
. #...## ###...#........
...8...###...8.+.###....
..#............[########.
...# #....>....###........
.. ###.....#####........
##.8.## #.........


You could see a phantom, a gnoll shaman, 3 gnolls and an adder skeleton.

Vanquished Creatures
  A hound skeleton (D:4)
  A gnoll (D:4)
  3 adders
  2 worms
  2 dart slugs
  7 ball pythons
  3 bats
  4 endoplasms
  A giant cockroach (D:3)
  4 goblins
  4 quokkas
  2 kobolds
  7 rats
41 creatures vanquished.

Vanquished Creatures (others)
  4 toadstools (D:1)
4 creatures vanquished.

Grand Total: 45 creatures vanquished

Notes
Turn   | Place    | Note
-------+----------+-------------------------------------------
     0 | D:1      | Alarkh the Demonspawn Gladiator began the quest for the
                  | Orb.
     0 | D:1      | Reached XP level 1. HP: 16/16 MP: 1/1
    75 | D:1      | Found Jeuvafi's Assorted Antiques.
   635 | D:2      | Reached skill level 3 in Unarmed Combat
   656 | D:2      | Gained mutation: You have sharp fingernails. [demonic
                  | ancestry]
   656 | D:2      | Reached XP level 2. HP: 22/22 MP: 2/2
   779 | D:2      | HP: 1/22 [worm (6)]
  1785 | D:3      | Reached XP level 3. HP: 28/28 MP: 3/3
  2432 | D:4      | Reached skill level 4 in Unarmed Combat
  2432 | D:4      | Gained mutation: You have very sharp fingernails. [demonic
                  | ancestry]
  2432 | D:4      | Reached XP level 4. HP: 28/34 MP: 4/4
  2658 | D:4      | Noticed a phantom
  2667 | D:4      | Slain by a gnoll

Illustrated notes

Levels and vault maps discovered:
D:1:      ldierk_water_garden, layout_loops_ring, serial_shops,
          nicolae_shop_crystal
D:2:      layout_basic
D:3:      layout_rooms
D:4:      layout_cave_pods, xom_butterflies, grunt_ministairs_13,
          hangedman_feature_mirror

Skill      XL: |  1  2  3  4 |
---------------+-------------+-----
Unarmed Combat | 3 4 |  4.2
Fighting       | 3 |  3.1
Throwing       | |  1.7
Dodging        | |  2.6

Action                   |  1- 3 |  4- 6 || total
-------------------------+-------+-------++-------
Melee: Unarmed           |   127 |    22 ||   149
       Punch             |     1 |       ||     1
  Use: Potion            |     1 |       ||     1
 Stab: Sleeping          |     3 |       ||     3
Armor: Leather armour    |    31 |     3 ||    34
Dodge: Dodged            |    67 |    13 ||    80

Table legend: (Time is in decaauts)
 A = Elapsed time spent in this place.
 B = Non-inter-level travel time spent in this place.
 C = Inter-level travel time spent in this place.
 D = Time resting spent in this place.
 E = Time spent auto-exploring this place.
 F = Levels seen in this place.
 G = Mean time per level.
                   A        B        C        D        E       F      G
               +--------+--------+--------+--------+--------+-----+--------+
         Total |   2665 |   2597 |     68 |    508 |   1725 |   4 |  666.2 |
       Dungeon |   2665 |   2597 |     68 |    508 |   1725 |   4 |  666.2 |
               +--------+--------+--------+--------+--------+-----+--------+

Top non-repeatable levels by time:
     D:1: 929 daAuts
     D:2: 793 daAuts
     D:3: 658 daAuts
     D:4: 283 daAuts
